 Dungeon Crawl Stone Soup version 0.19.0-24-gb05acd6 (webtiles) character file.

1278 Remedyn the Chopper (level 8, -10/64 HPs)
             Began as a Formicid Fighter on Nov 21, 2016.
             Mangled by an ogre
             ... wielding a +0 giant club
              (26 damage)
             ... on level 5 of the Dungeon.
             The game lasted 00:14:30 (5512 turns).

Remedyn the Chopper (Formicid Fighter)              Turns: 5512, Time: 00:14:31

Health: -10/64     AC:  7    Str: 23    XL:     8   Next: 84%
Magic:  8/8        EV:  9    Int: 13    God:    Xom [..*...]
Gold:   155        SH: 10    Dex: 10    Spells: 0 memorised, 7 levels left

rFire  . . .     SeeInvis +     a - +1 war axe
rCold  . . .     Gourm    .     b - +0 scale mail
rNeg   + . .     Faith    +     c - +0 shield
rPois  .         Spirit   .     (helmet unavailable)
rElec  .         Reflect  .     (no cloak)
rCorr  .         Harm     .     (no gloves)
MR     .....                    (no boots)
Stlth  ..........               p - amulet of faith
                                (no ring)
                                e - ring of positive energy

@: brilliant
A: permanent stasis, dig shafts and tunnels, four strong arms, antennae 3
a: Dig, Shaft Self, Renounce Religion


You were on level 5 of the Dungeon.
You worshipped Xom.
You were a toy of Xom.
You were not hungry.

You visited 2 branches of the dungeon, and saw 6 of its levels.
You also visited: Ossuary.

You collected 155 gold pieces.

Inventory:

Hand Weapons
 a - a +1 war axe (weapon)
Armour
 b - a +0 scale mail (worn)
 c - a +0 shield (worn)
Jewellery
 e - a ring of positive energy (left hand)
 l - a +3 ring of protection {unknown}
 p - an amulet of faith (around neck)
Scrolls
 k - a scroll of fog
 t - 2 scrolls of teleportation
 y - a scroll of identify
Potions
 d - 2 potions of might
 h - a potion of haste
 i - 3 potions of curing
 j - 3 potions of agility
 m - a potion of flight {unknown}
 o - a potion of invisibility {unknown}
 q - a potion of degeneration {unknown}
 r - a potion of heal wounds {unknown}
 w - a potion of experience {unknown}
 B - a potion of ambrosia {unknown}
Books
 g - a book of Misfortune

   Spells                             Type                      Level
   a - Confusing Touch                Hexes                        1
   b - Confuse                        Hexes                        3
   c - Gell's Gravitas                Hexes/Translocation          3
   d - Petrify                        Transmutation/Earth          4
   e - Metabolic Englaciation         Hexes/Ice                    5
   f - Yara's Violent Unravelling     Hexes/Transmutation          5
Comestibles
 f - 2 bread rations
 n - 2 slices of pizza
 u - 2 meat rations
 x - 4 fruits


   Skills:
 + Level 5.9 Fighting
 * Level 6.8 Axes
 + Level 5.7 Armour
 + Level 6.4 Shields


You had 7 spell levels left.
You didn't know any spells.

Dungeon Overview and Level Annotations

Branches:
Dungeon (5/15)             Temple (1/1) D:5

Altars:
Ashenzari
Cheibriados
Dithmenos
Elyvilon
Fedhas
Gozag
Hepliaklqana
Kikubaaqudgha
Nemelex Xobeh
Okawaru
Qazlal
Ru
Sif Muna
Uskayaw
Vehumet
Xom
Yredelemnul
Zin
The Shining One


Innate Abilities, Weirdness & Mutations

You are under a permanent stasis effect.
You can dig through walls and to a lower floor.
Your four strong arms can wield two-handed weapons with a shield.
You have a pair of large antennae on your head. (SInv)


Message History

You block the ogre's attack.
You hit the ogre but do no damage.
The ogre is moderately wounded.
The ogre hits you with a giant club!!
You emit a cloud of colourful smoke!
You hit the ogre.
The ogre is moderately wounded.
The ogre hits you with a giant club!!
* * * LOW HITPOINT WARNING * * *
Xom grants you a minor favour.
You feel clever all of a sudden.
Xom's attention almost turns to you for a moment.
You are showered with tiny particles of grit.
You almost hear Xom's maniacal laughter.
The air around you burns with energy!
You slash the plant!
The plant is lightly damaged.
You hit the plant. You hit the ogre. The ogre hits you with a giant club!!
You die...
Xom bursts into laughter!

♣# ♣.# ####.P##
#.. #P@#### #.#
###O..# #.#
#.###.# #.# #.#
#.#
#######.###.###.#
...........[....#
.#####..####.###
#..# #'#
#>.#≈≈≈.≈≈≈#


You could see an ogre.

Vanquished Creatures
  Grinder (D:3)
  A centaur (D:5)
  Blork the orc (D:5)
  4 scorpions (D:4)
  A howler monkey (D:4)
  A human zombie (Ossuary)
  2 centaur zombies (Ossuary)
  A hound (D:4)
  2 orc wizards (D:4)
  A bullfrog skeleton (D:5)
  An orc priest (D:4)
  A centaur skeleton (D:4)
  An iguana (D:4)
  Ijyb (D:3)
  2 worker ants
  Terence (D:3)
  A big kobold zombie (Ossuary)
  2 mummies (Ossuary)
  9 adders
  7 gnolls
  An ooze (D:4)
  2 dart slugs
  5 leopard geckos
  9 orcs
  12 bats
  2 giant cockroaches
  6 hobgoblins
  3 quokkas
  9 frilled lizards
  3 goblins
  4 hobgoblin zombies (Ossuary)
  11 kobolds
  8 kobold zombies (Ossuary)
  A leopard gecko zombie (D:3)
  9 orc zombies (Ossuary)
  A quokka skeleton (D:4)
  5 rats
  2 rat zombies (Ossuary)
  A fungus (D:4)
135 creatures vanquished.

Notes
Turn   | Place    | Note
-------+----------+-------------------------------------------
     0 | D:1      | Remedyn the Formicid Fighter began the quest for the Orb.
     0 | D:1      | Reached XP level 1. HP: 18/18 MP: 1/1
   203 | D:1      | Reached XP level 2. HP: 24/24 MP: 2/2
  1069 | D:2      | Reached XP level 3. HP: 24/29 MP: 3/3
  1080 | D:2      | Reached XP level 4. HP: 33/37 MP: 4/4
  1597 | D:2      | Reached XP level 5. HP: 42/42 MP: 5/5
  1783 | D:2      | Found a radiant altar of Vehumet.
  2310 | D:3      | Noticed Terence
  2321 | D:3      | Killed Terence
  2500 | D:3      | Noticed Ijyb
  2519 | D:3      | Killed Ijyb
  2739 | D:3      | Found an opulent altar of Gozag.
  2740 | D:3      | Noticed Grinder
  2783 | D:3      | Killed Grinder
  2783 | D:3      | Reached skill level 5 in Shields
  2783 | D:3      | Reached XP level 6. HP: 18/49 MP: 6/6
  2783 | D:3      | Reached XP level 7. HP: 21/55 MP: 7/7
  3355 | D:4      | Reached skill level 5 in Axes
  3431 | D:4      | Found a sand-covered staircase.
  3435 | Ossuary  | Entered an ossuary
  3505 | Ossuary  | Reached skill level 5 in Armour
  3510 | Ossuary  | HP: 2/55 [rat zombie (2)]
  3511 | Ossuary  | Reached skill level 5 in Fighting
  4076 | D:4      | Reached XP level 8. HP: 62/62 MP: 8/8
  4922 | D:5      | Entered Level 5 of the Dungeon
  4970 | D:5      | Noticed Blork the orc
  4985 | D:5      | Killed Blork the orc
  5165 | D:5      | Found a staircase to the Ecumenical Temple.
  5183 | Temple   | Entered the Ecumenical Temple
  5246 | Temple   | Became a worshipper of Xom of Chaos
  5405 | D:5      | XOM: harmless Ice miscast
  5424 | D:5      | XOM: mild Conj miscast
  5502 | D:5      | XOM: smoke on damage
  5506 | D:5      | XOM: potion effect (brilliance)
  5508 | D:5      | XOM: harmless Erth miscast
  5510 | D:5      | XOM: harmless Fire miscast
  5512 | D:5      | Mangled by an ogre

Skill      XL: |  1  2  3  4  5  6  7  8 |
---------------+-------------------------+-----
Axes           | 3 4 5 6 |  6.8
Shields        | 4 5 6 |  6.4
Armour         | 4 5 |  5.7
Fighting       | 4 5 |  5.9

Action                   |  1- 3 |  4- 6 |  7- 9 || total
-------------------------+-------+-------+-------++-------
Melee: War axe           |    65 |   159 |   220 ||   444
  Use: Scroll            |       |     6 |     5 ||    11
       Potion            |       |       |     6 ||     6
  Eat: Chunk             |       |     3 |       ||     3
       Bread ration      |       |     1 |     2 ||     3
Armor: Scale mail        |    23 |    75 |    86 ||   184
Dodge: Dodged            |    19 |    72 |    91 ||   182
Block: Shield            |    33 |   102 |   131 ||   266
